Map: Blueshift LE

Players

uThermaL

  • Race: Terran Terran
  • Spawn Location: 1:00

Reynor - Winner!

  • Race: Zerg Zerg
  • Spawn Location: 7:00

Event: WCS Montreal 2018

VOD

Have the link to the VOD?

Description

Time

  • Played on: Sept. 9, 2018, 1:26 p.m.
  • Length: 15:11

All games in this series

Show
View Real Time Build Order
Export as new Build Order

uThermaL Terran 

Build Orders: Gas First Reaper Expand, Reaper Expand, Hellion Banshee, MMM Bio 

Get SALT Encoding   

  12  0:01  SCV  
  13  0:13  SCV  
  14  0:17  Supply Depot  
  14  0:25  SCV  
  14  0:27  Refinery  
  15  0:38  SCV  
  16  0:44  Barracks  
  16  0:51  SCV  
  17  1:03  SCV  
  18  1:15  SCV  
  19  1:31  Orbital Command, Reaper  
  20  1:42  Command Center  
  20  1:51  Factory  
  20  1:57  SCV  
  21  2:05  Barracks Reactor  
  21  2:09  SCV  
  21  2:13  Supply Depot  
  22  2:21  SCV  
  22  2:22  Refinery  
  23  2:35  SCV  
  24  2:43  Starport  
  28  2:44  Hellion x2  
  28  2:47  Marine  
  28  2:48  SCV  
  30  2:53  Orbital Command  
  30  3:00  SCV  
  31  3:07  Hellion x2  
  31  3:09  Marine  
  36  3:20  Medivac  
  36  3:25  Armory  
  38  3:30  Hellion  
  38  3:31  Marine  
  41  3:36  Hellion  
  41  3:40  Supply Depot  
  43  3:50  Starport Tech Lab  
  43  3:52  Hellion  
  46  3:55  SCV  
  46  4:01  SCV, Hellion  
  49  4:04  Supply Depot  
  49  4:15  Hellion  
  48  4:23  Hellion  
  50  4:25  Cloaking Field, Banshee  
  51  4:35  SCV  
  51  4:36  Hellion  
  49  4:48  SCV, Hellion  
  51  4:53  SCV  
  51  4:58  Hellion  
  51  4:59  Supply Depot  
  54  5:01  SCV  
  54  5:05  SCV  
  52  5:09  Hellion  
  52  5:13  SCV  
  49  5:15  Banshee  
  49  5:21  Hellion  
  54  5:22  SCV  
  54  5:24  Barracks Tech Lab  
  55  5:31  Hellion  
  55  5:34  SCV  
  57  5:38  SCV  
  57  5:42  Hellion  
  56  5:47  SCV  
  50  5:51  SCV  
  50  5:52  Hellion  
  53  5:59  SCV  
  53  6:03  SCV, Hellion  
  55  6:13  SCV  
  55  6:14  Banshee  
  55  6:15  SCV  
  54  6:20  Marine  
  54  6:21  Stimpack  
  54  6:25  SCV  
  54  6:27  SCV  
  54  6:31  Barracks  
  50  6:34  Barracks  
  50  6:37  Factory Reactor, SCV  
  50  6:38  Marine  
  50  6:39  SCV  
  53  6:46  Engineering Bay  
  53  6:49  SCV  
  53  6:51  SCV  
  55  6:55  Engineering Bay  
  55  6:56  Marine  
  57  7:01  SCV  
  57  7:03  Refinery, Supply Depot, SCV  
  57  7:04  Starport Reactor  
  57  7:13  SCV  
  57  7:14  Terran Infantry Weapons Level 1, Marine  
  60  7:15  SCV  
  60  7:22  Refinery, Terran Infantry Armor Level 1  
  60  7:23  Marine  
  60  7:26  Supply Depot  
  60  7:28  Siege Tank  
  64  7:30  SCV x2  
  64  7:31  Marine x2  
  64  7:34  Marine x2  
  70  7:39  Supply Depot  
  70  7:45  Barracks  
  70  7:46  Supply Depot, Barracks  
  70  7:47  Marine  
  70  7:49  Marine x2  
  73  7:51  Medivac  
  73  7:52  Marine  
  73  7:55  Medivac  
  78  8:00  Marine  
  78  8:01  Siege Tank  
  78  8:05  Supply Depot, Marine  
  83  8:11  Marine x2  
  85  8:17  Marine  
  83  8:21  Medivac  
  83  8:22  Combat Shield, Marine x2  
  83  8:25  Medivac  
  86  8:29  Marine x2  
  86  8:33  Siege Tank  
  91  8:34  Barracks Reactor x2  
  91  8:35  Marine  
  91  8:40  Marine x2  
  94  8:47  Marine x2  
  96  8:51  Supply Depot, Medivac  
  96  8:53  Marine  
  96  8:55  Medivac  
  100  8:57  Marine  
  100  9:01  Marine  
  102  9:08  Supply Depot  
  102  9:09  Supply Depot  
  102  9:12  Siege Tank, Terran Infantry Weapons Level 2, Marine x3  
  102  9:16  Supply Depot, Marine  
  109  9:21  Terran Infantry Armor Level 2  
  109  9:25  Marine  
  109  9:29  Marine x3  
  109  9:30  Marine  
  114  9:33  Marine  
  114  9:36  Marine  
  114  9:37  Marine x2  
  118  9:43  Marine  
  117  9:47  Marine x2  
  117  9:48  Liberator  
  117  9:49  Marine  
  117  9:50  Marine  
  109  9:55  Liberator  
  109  9:57  Marine  
  109  9:58  Marine  
  84  10:00  Siege Tank, Marine x2  
  88  10:07  Marine  
  91  10:17  Marine  
  92  10:21  Marine  
  92  10:22  Marine  
  92  10:24  Marine x2  
  93  10:29  Marine  
  93  10:31  Marine  
  93  10:35  Marine  
  90  10:39  Marine  
  90  10:43  Marine  
  90  10:48  Marine  
  90  11:02  Marine x2  
  92  11:04  Marine  
  92  11:08  Liberator, Marine  
  94  11:16  Siege Tank, Marine  
  98  11:27  Marine  
  98  11:28  Marine  
  101  11:36  Marine  
  101  11:39  Marine x3  
  77  11:40  Marine  
  77  11:43  Marine  
  76  11:47  Marine  
  76  11:48  Marine  
  76  11:51  Marine  
  76  11:56  Marine  
  76  11:58  Marine x2  
  76  11:59  Marine  
  80  12:02  Marine  
  80  12:05  Marine x2  
  80  12:07  Marine  
  84  12:12  Siege Tank  
  84  12:14  Marine  
  88  12:15  Unknown x2  
  88  12:16  Unknown  
  88  12:19  Marine  
  88  12:22  Marine  
  90  12:23  Marine  
  90  12:24  Marine x2  
  90  12:25  Marine  
  88  12:40  Marine x3  
  88  12:41  Medivac  
  88  12:42  Medivac  
  91  12:44  Siege Tank, Marine  
  88  12:54  Marine x2  
  88  12:58  Liberator  
  88  12:59  Marine x2  
  88  13:01  Marine x2  
  88  13:02  Marine  
  88  13:05  Marine x2  
  95  13:11  Liberator  
  94  13:16  Siege Tank  
  100  13:32  Orbital Command  
  100  13:33  Marine  
  104  13:42  Marine x2  
  104  13:46  Unknown x3, Marine  
  107  13:50  Marine  
  107  13:52  Liberator  
  107  13:54  Marine  
  108  13:58  Liberator  
  107  14:09  Marine  
  110  14:21  Siege Tank  
  110  14:22  Marine  
  114  14:24  Marine  
  114  14:27  Marine  
  114  14:28  Marine  
  117  14:31  Marine  
  117  14:33  Marine  
  117  14:34  Marine  
  103  14:44  Marine  
  103  14:45  Marine  
  102  14:48  Marine  
Show
View Real Time Build Order
Export as new Build Order

Reynor Zerg - Winner!

Build Orders: Pool First 

Get SALT Encoding   

  12  0:00  Drone  
  13  0:12  Overlord  
  13  0:16  Drone  
  14  0:31  Drone x2  
  16  0:40  Spawning Pool  
  15  0:43  Drone  
  15  0:47  Drone  
  17  1:09  Hatchery  
  17  1:10  Drone  
  17  1:26  Zergling x4  
  17  1:28  Zergling x2  
  17  1:30  Queen  
  17  1:32  Extractor  
  21  1:38  Overlord  
  21  1:49  Drone  
  22  1:59  Drone  
  23  2:06  Queen  
  25  2:11  Drone  
  26  2:21  Drone, Queen  
  26  2:22  Drone  
  30  2:31  Drone  
  30  2:33  Metabolic Boost  
  30  2:35  Drone  
  32  2:42  Overlord  
  32  2:44  Drone x2  
  33  2:46  Drone  
  33  2:50  Drone  
  36  3:06  Hatchery  
  36  3:07  Drone  
  36  3:10  Drone  
  37  3:13  Drone  
  37  3:14  Drone  
  37  3:16  Drone  
  39  3:23  Zergling x2  
  39  3:26  Zergling x2  
  41  3:28  Overlord  
  41  3:30  Queen  
  41  3:33  Zergling x2  
  44  3:37  Overlord  
  44  3:50  Queen  
  44  3:51  Drone x2  
  44  3:52  Zergling x6  
  44  3:55  Overlord  
  51  3:59  Zergling x4  
  51  4:00  Drone  
  54  4:06  Drone  
  54  4:07  Overlord, Spore Crawler  
  54  4:17  Zergling x8  
  54  4:21  Queen  
  54  4:24  Zergling x4  
  56  4:28  Zergling x2  
  56  4:29  Zergling x4  
  57  4:37  Zergling x4  
  53  4:40  Zergling x6  
  50  4:48  Zergling x6  
  50  4:52  Zergling x4  
  50  4:59  Queen  
  47  5:10  Spore Crawler  
  47  5:11  Zergling x4  
  47  5:12  Zergling x4  
  48  5:14  Drone  
  48  5:17  Drone  
  50  5:21  Queen  
  50  5:27  Drone x2  
  50  5:28  Drone  
  55  5:32  Zergling x2  
  55  5:33  Drone x2  
  58  5:39  Queen  
  58  5:42  Zergling x2  
  60  5:45  Zergling x4  
  55  5:53  Zergling x2  
  55  5:56  Zergling x4  
  58  5:57  Queen  
  58  6:02  Zergling x2  
  59  6:06  Zergling x4  
  60  6:12  Zergling x6  
  60  6:14  Queen  
  61  6:20  Lair  
  61  6:22  Zergling x4  
  61  6:23  Zergling x2  
  60  6:26  Zergling x2  
  60  6:32  Drone x5  
  64  6:33  Queen  
  64  6:35  Baneling Nest  
  64  6:36  Spore Crawler  
  64  6:38  Zergling x4  
  61  6:42  Spore Crawler, Zergling x2  
  60  6:48  Zergling x2  
  60  6:50  Drone x2  
  60  6:51  Drone x2  
  65  7:01  Extractor  
  65  7:03  Evolution Chamber  
  65  7:05  Evolution Chamber  
  65  7:06  Queen  
  65  7:08  Drone x5  
  69  7:09  Drone  
  69  7:12  Drone  
  71  7:18  Drone x2  
  71  7:20  Overlord  
  73  7:24  Overseer  
  73  7:30  Drone x2  
  73  7:31  Drone  
  73  7:34  Zerg Ground Armor Level 1, Zerg Melee Weapons Level 1  
  73  7:36  Drone x4  
  80  7:38  Drone x2  
  80  7:42  Centrifical Hooks  
  82  7:52  Drone x4  
  82  7:53  Drone  
  82  7:57  Extractor  
  86  7:58  Extractor  
  86  7:59  Extractor  
  86  8:02  Zergling x6  
  87  8:06  Zergling x4  
  87  8:07  Zergling x2  
  90  8:13  Overlord  
  90  8:14  Hatchery, Zergling x4  
  90  8:17  Spore Crawler  
  86  8:23  Drone x3  
  86  8:26  Zergling x2  
  90  8:27  Overlord  
  90  8:34  Hydralisk Den, Zergling x8  
  90  8:35  Zergling x10  
  98  8:43  Overlord  
  98  8:46  Overlord  
  97  8:52  Overlord  
  97  8:55  Overseer  
  91  9:04  Zergling x2  
  91  9:05  Zergling x20  
  91  9:06  Baneling x11  
  91  9:08  Zergling x2  
  101  9:15  Zergling x2  
  102  9:18  Zergling x4  
  104  9:26  Baneling x6  
  104  9:27  Baneling x3, Zergling x6  
  104  9:28  Zergling x4  
  104  9:30  Baneling x3  
  104  9:31  Baneling  
  109  9:32  Zergling x12  
  109  9:33  Zergling x2  
  109  9:35  Zergling x2  
  117  9:42  Baneling x2  
  115  9:49  Overlord  
  105  9:53  Zergling x6  
  105  9:54  Zergling x4  
  105  9:59  Zergling x8  
  94  10:00  Zergling x10  
  94  10:04  Zerg Ground Armor Level 2  
  97  10:07  Drone  
  97  10:10  Zergling x6  
  101  10:18  Baneling  
  101  10:19  Baneling x7  
  97  10:22  Zergling x8  
  97  10:26  Baneling x9  
  97  10:27  Baneling, Zergling x2  
  101  10:29  Baneling  
  101  10:30  Zergling x4  
  101  10:32  Zergling x2  
  101  10:33  Zergling x2  
  104  10:36  Zergling x4  
  104  10:39  Zergling x6  
  104  10:40  Zergling x2  
  104  10:42  Zergling x4  
  110  10:44  Zergling x2  
  110  10:48  Hydralisk  
  108  10:51  Zergling x4  
  108  10:54  Queen  
  108  10:56  Hydralisk  
  113  11:00  Hydralisk  
  113  11:03  Zergling x4  
  117  11:04  Queen  
  117  11:06  Baneling x4  
  117  11:08  Drone  
  117  11:09  Overlord x2  
  120  11:13  Overlord  
  120  11:16  Overlord  
  119  11:26  Overlord  
  119  11:29  Zergling x8  
  119  11:30  Zergling x8  
  119  11:31  Hydralisk  
  122  11:35  Zergling x4  
  122  11:36  Zergling x2  
  96  11:42  Hydralisk  
  96  11:45  Hydralisk x2  
  96  11:46  Zergling x2  
  94  11:56  Baneling x4  
  94  11:57  Baneling x2  
  94  11:58  Drone x5  
  94  11:59  Zergling x4  
  98  12:03  Zerg Melee Weapons Level 2  
  98  12:04  Hydralisk  
  98  12:09  Zergling x6  
  101  12:17  Hydralisk x2  
  101  12:18  Zergling x2  
  101  12:19  Grooved Spines  
  101  12:21  Zergling x2  
  107  12:23  Zergling x4  
  107  12:25  Zergling x14  
  107  12:29  Baneling  
  116  12:30  Baneling x3  
  116  12:31  Zergling x2, Hydralisk x2  
  116  12:33  Hydralisk  
  113  12:38  Zergling x4, Hydralisk  
  113  12:42  Hydralisk x2  
  117  12:45  Baneling x3  
  117  12:46  Baneling  
  117  12:49  Hydralisk x2  
  117  12:50  Zergling x2, Hydralisk  
  117  12:52  Zergling x2  
  117  12:55  Zergling x6  
  121  13:03  Baneling x2  
  121  13:04  Zergling x6  
  124  13:10  Baneling x4  
  124  13:11  Zergling x6  
  126  13:18  Zergling x6  
  129  13:24  Hatchery  
  123  13:30  Muscular Augments, Zergling x8  
  123  13:33  Hydralisk x2  
  131  13:37  Hydralisk  
  131  13:40  Zergling x8  
  137  13:43  Hydralisk  
  137  13:45  Baneling  
  137  13:46  Baneling x9, Queen  
  137  13:47  Zergling x2  
  142  13:49  Hydralisk  
  142  13:50  Zergling x2  
  142  13:55  Hydralisk  
  147  13:58  Zergling x2  
  147  14:01  Hydralisk x2  
  144  14:11  Zergling x4  
  144  14:12  Zergling x4  
  144  14:15  Overseer, Queen  
  144  14:16  Overlord  
  146  14:23  Baneling x5  
  146  14:26  Zergling x8  
  146  14:30  Zergling x2  
  151  14:35  Hydralisk x2  
  151  14:38  Zergling x2  
  156  14:40  Hydralisk  
  156  14:43  Hydralisk x2  
  162  14:45  Overlord  
  162  14:46  Zergling x4  
  162  14:48  Baneling  
  162  14:49  Baneling x7  
  162  14:51  Overlord  
Tags
 
Add a new tag
Caveats
  • Supply blocks, unpowered buildings, or Contaminate may cause inaccurate times.
  • Supply counts are checked every 10 seconds.